Map: 2000 Atmospheres LE

Players

Gerald - Winner!

  • Race: Protoss Protoss

goblin

  • Race: Protoss Protoss

Event: DreamHack SC2 Masters 2021 Fall

VOD

Have the link to the VOD?

Description

Time

  • Played on: Aug. 3, 2021, 1:06 p.m.
  • Length: 13:33

All games in this series

Show
View Real Time Build Order
Export as new Build Order

Gerald Protoss - Winner!

Build Orders: Blink Stalkers 

Get SALT Encoding   

  12  0:00  Probe  
  13  0:12  Probe  
  14  0:17  Pylon  
  14  0:24  Probe (Chrono Boost)  
  16  0:37  Gateway, Probe (Chrono Boost)  
  16  0:42  Probe (Chrono Boost)  
  16  0:46  Assimilator  
  17  0:51  Probe (Chrono Boost)  
  17  0:55  Assimilator  
  18  1:03  Probe (Chrono Boost)  
  19  1:10  Gateway  
  19  1:12  Probe (Chrono Boost)  
  19  1:18  Probe  
  21  1:25  Cybernetics Core  
  21  1:30  Probe  
  22  1:35  Pylon  
  22  1:42  Probe  
  23  1:54  Probe  
  24  2:02  Adept  
  24  2:03  Adept  
  24  2:04  Warp Gate  
  28  2:08  Pylon  
  28  2:11  Probe  
  29  2:23  Probe  
  29  2:26  Pylon  
  30  2:32  Stalker  
  30  2:35  Probe  
  35  2:48  Probe  
  35  2:49  Shield Battery  
  35  3:00  Probe (Chrono Boost)  
  36  3:07  Nexus  
  36  3:12  Probe (Chrono Boost)  
  35  3:19  Probe (Chrono Boost)  
  36  3:21  Twilight Council  
  36  3:26  Probe  
  36  3:33  Pylon  
  37  3:36  Robotics Facility  
  37  3:40  Probe  
  38  3:49  Shield Battery  
  38  3:52  Stalker  
  38  3:55  Blink (Chrono Boost)  
  40  4:01  Probe  
  41  4:16  Probe (Chrono Boost)  
  40  4:19  Probe (Chrono Boost)  
  40  4:20  Forge  
  41  4:24  Stalker  
  41  4:29  Probe (Chrono Boost)  
  41  4:30  Probe (Chrono Boost)  
  45  4:33  Stalker  
  45  4:35  Probe  
  45  4:36  Observer  
  44  4:47  Probe x2  
  44  4:51  Protoss Ground Weapons Level 1 (Chrono Boost)  
  45  4:54  Stalker  
  45  4:59  Probe x2  
  49  5:05  Observer  
  48  5:07  Stalker  
  48  5:11  Probe x2  
  52  5:18  Gateway  
  52  5:20  Assimilator, Stalker  
  54  5:24  Probe  
  55  5:29  Gateway  
  55  5:30  Pylon  
  55  5:34  Probe  
  56  5:36  Probe  
  56  5:46  Probe  
  57  5:52  Stalker x2  
  57  5:55  Nexus  
  61  5:59  Pylon  
  61  6:13  Probe  
  61  6:17  Charge  
  62  6:18  Stalker x3  
  62  6:21  Probe (Chrono Boost)  
  69  6:26  Probe (Chrono Boost)  
  71  6:33  Probe (Chrono Boost)  
  71  6:37  Probe (Chrono Boost)  
  72  6:40  Probe (Chrono Boost)  
  72  6:42  Probe (Chrono Boost)  
  72  6:45  Gateway  
  74  6:47  Probe (Chrono Boost)  
  74  6:49  Gateway  
  74  6:52  Probe (Chrono Boost)  
  74  6:54  Protoss Ground Weapons Level 2 (Chrono Boost)  
  77  7:04  Probe (Chrono Boost)  
  77  7:05  Probe (Chrono Boost)  
  78  7:10  Gateway x2  
  78  7:12  Probe (Chrono Boost)  
  78  7:13  Probe (Chrono Boost)  
  78  7:14  Gateway  
  78  7:15  Gateway  
  81  7:17  Templar Archives  
  81  7:19  Stalker x2  
  84  7:27  Probe  
  84  7:28  Shield Battery, Probe  
  85  7:31  Stalker x2  
  85  7:35  Probe  
  90  7:39  Probe  
  90  7:40  Probe  
  92  7:44  Pylon  
  92  7:47  Probe  
  92  7:51  Pylon  
  92  7:52  Pylon  
  92  8:03  Pylon x2  
  90  8:14  Stalker  
  90  8:15  Immortal (Chrono Boost)  
  90  8:16  Zealot x6  
  90  8:19  Assimilator  
  107  8:29  Assimilator  
  107  8:30  Probe  
  108  8:37  Nexus  
  108  8:38  Pylon  
  105  8:45  Zealot x6  
  117  8:52  Assimilator  
  117  8:56  Assimilator  
  117  8:59  Probe  
  117  9:01  Photon Cannon  
  118  9:04  High Templar x3  
  118  9:05  High Templar  
  118  9:06  Probe  
  118  9:09  Archon x2  
  127  9:10  Probe  
  128  9:21  Zealot x2  
  132  9:28  Zealot  
  132  9:30  Pylon  
  133  9:32  Pylon  
  131  9:41  Pylon, Protoss Ground Weapons Level 3 (Chrono Boost)  
  131  9:42  Pylon  
  131  9:44  Robotics Bay  
  131  9:45  Zealot  
  133  9:49  Pylon  
  133  9:50  Pylon, Zealot x5  
  141  9:53  Zealot  
  143  10:07  Zealot x4  
  141  10:28  Zealot x10  
  125  10:29  Probe  
  110  10:45  Probe x2  
  110  10:48  Shield Battery, High Templar x3  
  110  10:49  High Templar  
  118  10:50  High Templar x2, Zealot x3  
  118  10:51  Zealot  
  118  10:54  Probe  
  132  10:59  Photon Cannon, Archon x2  
  132  11:00  Disruptor, Archon  
  132  11:04  Probe  
  135  11:14  Zealot x4  
  137  11:26  Probe  
  137  11:27  Probe  
  137  11:28  Photon Cannon  
  137  11:30  High Templar x2, Zealot  
  137  11:31  Zealot  
  147  11:33  Pylon  
  147  11:34  Archon  
  147  11:35  Disruptor, Zealot x2  
  147  11:38  Pylon  
  153  11:48  Zealot x3  
  159  11:58  Probe  
  159  12:00  High Templar  
  159  12:01  High Templar, Probe  
  162  12:03  Assimilator  
  162  12:04  Photon Cannon  
  162  12:06  Assimilator, Archon  
  162  12:07  Probe  
  164  12:11  Disruptor  
  167  12:16  Zealot  
  167  12:17  Zealot x7  
  183  12:27  Probe  
  182  12:32  Photon Cannon, Probe  
  182  12:34  Dark Shrine  
  183  12:38  Robotics Facility  
  183  12:45  Zealot x4  
  183  12:47  Disruptor  
  192  12:53  Zealot x4  
  151  13:09  Stalker  
  151  13:10  Stalker x3  
  141  13:18  Stalker x3  
  139  13:21  Stalker x2  
Show
View Real Time Build Order
Export as new Build Order

goblin Protoss 

Build Orders: Oracle Opening 

Get SALT Encoding   

  12  0:00  Probe  
  13  0:12  Probe  
  14  0:19  Pylon  
  14  0:24  Probe  
  15  0:37  Probe (Chrono Boost)  
  15  0:39  Gateway  
  16  0:46  Probe (Chrono Boost)  
  16  0:47  Assimilator  
  17  0:51  Probe  
  17  0:56  Assimilator  
  18  1:04  Probe (Chrono Boost)  
  19  1:10  Gateway  
  19  1:14  Probe (Chrono Boost)  
  20  1:18  Probe (Chrono Boost)  
  21  1:26  Cybernetics Core  
  21  1:30  Probe  
  22  1:38  Pylon  
  22  1:42  Probe  
  23  1:56  Probe  
  24  2:03  Stalker x2  
  24  2:05  Warp Gate  
  28  2:20  Stargate  
  27  2:46  Nexus  
  27  2:55  Pylon  
  27  3:02  Oracle (Chrono Boost)  
  27  3:03  Shield Battery  
  30  3:09  Shield Battery  
  30  3:22  Stalker x2  
  34  3:27  Shield Battery  
  34  3:34  Oracle (Chrono Boost)  
  37  3:43  Pylon  
  37  3:46  Probe  
  38  3:52  Shield Battery  
  38  3:59  Probe x2  
  40  4:11  Probe (Chrono Boost)  
  41  4:17  Probe (Chrono Boost)  
  41  4:22  Twilight Council, Stalker  
  41  4:23  Probe (Chrono Boost)  
  41  4:24  Stalker  
  47  4:27  Probe (Chrono Boost)  
  47  4:29  Probe (Chrono Boost)  
  49  4:32  Probe  
  50  4:40  Probe  
  50  4:41  Shield Battery  
  50  4:44  Probe  
  52  4:52  Probe  
  53  4:56  Forge, Probe  
  54  5:02  Blink (Chrono Boost)  
  54  5:04  Probe  
  54  5:09  Probe  
  54  5:10  Void Ray  
  54  5:13  Pylon  
  57  5:17  Probe  
  60  5:22  Protoss Ground Weapons Level 1 (Chrono Boost)  
  60  5:23  Probe  
  61  5:29  Probe  
  62  5:35  Probe  
  62  5:41  Probe  
  64  5:48  Assimilator, Probe  
  65  5:50  Pylon, Stalker x2  
  65  5:53  Probe  
  70  6:01  Nexus  
  70  6:08  Probe x2  
  72  6:20  Probe x2  
  72  6:21  Stalker x2  
  72  6:24  Pylon  
  78  6:26  Gateway  
  78  6:28  Gateway  
  78  6:38  Photon Cannon  
  78  6:39  Pylon  
  78  6:46  Probe x2  
  80  6:48  Stalker x2  
  80  6:52  Shield Battery  
  84  7:00  Probe x2  
  86  7:02  Gateway  
  86  7:04  Charge, Gateway  
  86  7:10  Protoss Ground Weapons Level 2 (Chrono Boost)  
  86  7:11  Sentry  
  86  7:13  Probe (Chrono Boost)  
  91  7:18  Probe x2 (Chrono Boost)  
  91  7:22  Probe (Chrono Boost)  
  92  7:26  Probe (Chrono Boost)  
  92  7:27  Probe (Chrono Boost)  
  92  7:29  Probe  
  94  7:36  Photon Cannon  
  94  7:37  Stalker x2, Probe  
  96  7:38  Stalker x2  
  96  7:40  Probe  
  96  7:43  Assimilator  
  105  7:45  Pylon  
  105  7:52  Probe x2  
  107  7:59  Assimilator  
  107  8:01  Pylon, Gateway x2  
  107  8:06  Zealot, Probe x2  
  111  8:23  Templar Archives  
  111  8:27  Stalker x3  
  111  8:28  Zealot x3  
  123  8:38  Pylon, Robotics Facility  
  123  8:47  Pylon  
  123  8:52  Zealot  
  125  8:56  Nexus  
  125  8:58  Pylon x2  
  125  8:59  Pylon  
  125  9:04  High Templar x4  
  125  9:08  Archon  
  125  9:09  Protoss Ground Weapons Level 3 (Chrono Boost), Gateway, Zealot x3, Archon  
  139  9:10  Gateway  
  139  9:19  Probe  
  139  9:20  Photon Cannon  
  139  9:24  Shield Battery  
  140  9:27  Observer (Chrono Boost)  
  138  9:32  Stalker x2, Zealot x2  
  146  9:41  Pylon  
  146  9:43  Zealot  
  146  9:44  Pylon, Warp Prism (Chrono Boost)  
  150  9:52  Pylon  
  143  10:04  High Templar x2, Zealot x5  
  143  10:05  Zealot  
  153  10:13  Zealot x2  
  155  10:14  Archon  
  141  10:25  Zealot x2  
  141  10:26  Zealot x4  
  130  10:34  Observer  
  120  10:40  High Templar x2, Zealot x2  
  126  10:44  Archon  
  126  10:47  Probe x2  
  126  10:48  Probe x2  
  130  10:51  High Templar x2, Zealot x3  
  130  10:52  Zealot  
  130  10:56  Archon  
  142  11:08  High Templar x2  
  146  11:12  Archon, Zealot  
  146  11:13  Zealot x5  
  156  11:25  Zealot x2  
  160  11:28  Assimilator, Probe x4  
  160  11:29  Assimilator  
  160  11:31  Pylon  
  164  11:36  High Templar x2, Zealot x2  
  164  11:38  Zealot x2  
  176  11:40  Archon  
  174  11:49  Stalker x3  
  180  11:57  Zealot x3  
  182  12:01  Stalker x2  
  187  12:08  Observer (Chrono Boost)  
  187  12:21  Observer (Chrono Boost)  
  185  12:28  Stalker x5  
  185  12:29  Zealot x2  
  144  13:00  High Templar x3  
  144  13:01  High Templar, Zealot x5  
  144  13:05  Archon x2  
  103  13:13  Zealot  
  91  13:21  Zealot x3  
  91  13:22  Zealot x2  

Tags
 
Add a new tag
Caveats
  • Supply blocks, unpowered buildings, or Contaminate may cause inaccurate times.
  • Supply counts are checked every 10 seconds.